 Dungeon Crawl Stone Soup version 0.29.1-2-gbd0b4ee654 (webtiles) character file.

Game seed: 1715756642808134870

116 safid the Shooter (level 4, -2/41 HPs)
             Began as a Minotaur Hunter on Nov 8, 2022.
             Slain by a scorpion (6 damage)
             ... on level 4 of the Dungeon.
             The game lasted 00:02:45 (2038 turns).

safid the Shooter (Minotaur Hunter)                 Turns: 2038, Time: 00:02:46

Health: -2/41      AC:  4    Str: 15    XL:     4   Next: 69%
Magic:  3/3        EV: 12    Int:  6    God:
Gold:   233        SH:  0    Dex: 16    Spells: 3/3 levels left

rFire   . . .      SeeInvis .   a - +0 shortbow
rCold   . . .      Faith    .   (shield currently unavailable)
rNeg    . . .      Spirit   .   c - +0 leather armour
rPois   .          Reflect  .   (helmet restricted)
rElec   .          Harm     .   (no cloak)
rCorr   .          Rampage  .   (no gloves)
Will    .....                   j - +0 pair of boots
Stlth   +.........              (no amulet)
HPRegen 0.13/turn               (no ring)
MPRegen 0.08/turn               (no ring)

@: lethally poisoned (-2 -> -5)
A: horns 2, retaliatory headbutt
a: no special abilities


You were on level 4 of the Dungeon.
You visited 1 branch of the dungeon, and saw 4 of its levels.

You collected 233 gold pieces.

Inventory:

Hand Weapons
 a - a +0 shortbow (weapon)
Armour
 c - a +0 leather armour (worn)
 j - a +0 pair of boots (worn)
Scrolls
 b - a scroll of immolation
 e - a scroll of enchant weapon {unknown}
 k - 2 scrolls of teleportation {unknown}
 l - a scroll of identify {unknown}
 n - a scroll of amnesia {unknown}
 o - a scroll of noise {unknown}
 p - a scroll of silence {unknown}
 q - 3 scrolls of brand weapon {unknown}
 r - a scroll of enchant armour {unknown}
Potions
 d - 3 potions of mutation {unknown}
 f - a potion of haste {unknown}
 g - a potion of lignification {unknown}
 h - 2 potions of curing {unknown}
 i - a potion of brilliance {unknown}
 m - 2 potions of might {unknown}


   Skills:
 + Level 4.6 Fighting
 + Level 5.6 Ranged Weapons
 - Level 2.1 Dodging
 - Level 0.7 Stealth


You had 3 spell levels left.
You didn't know any spells.
Your spell library contained the following spells:

 Spells                   Type           Power      Damage    Failure   Level
 Necrotise                Necr           0%         1d4       52%         1
 Vampiric Draining        Necr           0%         2d6       88%         3
 Agony                    Necr           0%         N/A       100%        5


Dungeon Overview and Level Annotations

Branches:
Dungeon (4/15)
 Temple: D:4-7

Altars:
Hepliaklqana
Nemelex Xobeh
Trog
Wu Jian


Innate Abilities, Weirdness & Mutations

You have a pair of horns on your head.
You reflexively headbutt those who attack you in melee.


Message History

You shoot an arrow. The arrow closely misses the scorpion.
The scorpion stings you.
You are poisoned.
The scorpion poisons you!
You shoot an arrow. The arrow hits the scorpion.
The scorpion is almost dead.
You feel very sick. The scorpion barely misses you. The scorpion stings you.
You are too injured to fight recklessly!
You are too injured to fight recklessly!
You are too injured to fight recklessly!
Unknown command.
Fire: a) +0 shortbow
Press: ? - help, Q - select action Shift-Dir - straight line, f/p - scorpion
Aim: a scorpion (severely wounded, 64% to hit)
You shoot an arrow.
The arrow hits the scorpion but does no damage.
The scorpion is severely wounded.
You feel very sick. The scorpion misses you.
Fire: a) +0 shortbow
Press: ? - help, Q - select action Shift-Dir - straight line, f/p - scorpion
Aim: a scorpion (severely wounded, 64% to hit)
You shoot an arrow. The arrow hits the scorpion.
The scorpion is almost dead.
You feel sick. The scorpion closely misses you. The scorpion barely misses you.
Fire: a) +0 shortbow
Press: ? - help, Q - select action Shift-Dir - straight line, f/p - scorpion
Aim: a scorpion (almost dead, 64% to hit)
You shoot an arrow. The arrow barely misses the scorpion.
You feel sick. The scorpion closely misses you. You furiously retaliate!
You headbutt the scorpion, but do no damage.
Fire: a) +0 shortbow
Press: ? - help, Q - select action Shift-Dir - straight line, f/p - scorpion
Aim: a scorpion (almost dead, 64% to hit)
You shoot an arrow. The arrow closely misses the scorpion.
You feel sick. The scorpion stings you.
* * * LOW HITPOINT WARNING * * *
The scorpion stings you.
You die...

##.####.....# #
#.## ##.....#
##.# ##..>.#..#
#.####.....##...
#.##..#...##
.... .
##...###..## ...
# #.##.# ##.#
####.## #.# ##@#
... #s# .... ##g
... .. ..# ...
.... .####


You could see a scorpion and a hobgoblin.

Vanquished Creatures
  A hound (D:4)
  An adder (D:3)
  A shadow imp (D:4)
  An ufetubus (D:3)
  4 dart slugs
  An orc (D:3)
  6 ball pythons
  3 endoplasms
  2 giant cockroaches
  5 goblins
  6 hobgoblins
  3 jackals (D:2)
  4 quokkas
  2 bats
  3 frilled lizards
  3 kobolds
  8 rats
54 creatures vanquished.

Notes
Turn   | Place    | Note
-------+----------+-------------------------------------------
     0 | D:1      | safid the Minotaur Hunter began the quest for the Orb.
     0 | D:1      | Reached XP level 1. HP: 18/18 MP: 0/0
   225 | D:1      | Reached XP level 2. HP: 26/26 MP: 1/1
   699 | D:1      | Found a faded altar of an unknown god.
   861 | D:2      | Reached XP level 3. HP: 31/31 MP: 2/2
   862 | D:2      | Reached skill level 5 in Ranged Weapons
  1432 | D:3      | Found a sparkling altar of Nemelex Xobeh.
  1432 | D:3      | Found a hazy altar of Hepliaklqana.
  1432 | D:3      | Found an ornate altar of the Wu Jian Council.
  1433 | D:3      | Found a bloodstained altar of Trog.
  1459 | D:3      | Reached XP level 4. HP: 35/40 MP: 3/3
  2028 | D:4      | Noticed a scorpion
  2038 | D:4      | Slain by a scorpion

Illustrated notes

Levels and vault maps discovered:
D:1:      amcnicky_arrival_choice, layout_loops_ring, basic_ecumenical_altar
D:2:      layout_rooms
D:3:      layout_rooms, chequers_temple_overflow_statue_of_worship
D:4:      layout_layer_cave, nicolae_overflow_crystal_walls, uniq_natasha

Skill      XL: |  1  2  3 |
---------------+----------+-----
Fighting       | 3 4 |  4.6
Ranged Weapons | 5 |  5.6
Dodging        | |  2.1
Stealth        | |  0.7

Action                   |  1- 3 |  4- 6 || total
-------------------------+-------+-------++-------
 Fire: Shortbow          |   127 |    28 ||   155
Armor: Leather armour    |    16 |     2 ||    18
Dodge: Dodged            |    28 |     8 ||    36
